 Dungeon Crawl Stone Soup version 0.24.0-2-g5b39cebb1c (webtiles) character file.

Game seed: 8493508942426969823, levelgen mode: deterministic

2718 Lanoc the Carver (level 9, -3/72 HPs)
             Began as a Formicid Berserker on Oct 31, 2019.
             Was an Elder of Trog.
             Slain by Pikel
             ... wielding a +2 whip of electrocution
              (15 damage)
             ... on level 6 of the Dungeon.
             The game lasted 00:18:29 (4687 turns).

Lanoc the Carver (Formicid Berserker)               Turns: 4687, Time: 00:18:30

Health: -3/72      AC: 13    Str: 22    XL:     9   Next: 98%
Magic:  0/9        EV:  9    Int:  7    God:    Trog [****..]
Gold:   312        SH:  0    Dex: 13    Spells: 8/8 levels left

rFire    . . .     SeeInvis +   r - +10 short sword "Zaeclulu" {flame, SInv}
rCold    . . .     Gourm    .   (no shield)
rNeg     . . .     Faith    .   e - +0 plate armour
rPois    +         Spirit   +   (helmet unavailable)
rElec    .         Reflect  .   (no cloak)
rCorr    .         Harm     .   (no gloves)
MR       .....                  (no boots)
Stlth    ..........             v - amulet of guardian spirit
HPRegen  0.22/turn              o - ring of flight
MPRegen  0.11/turn              l - ring of poison resistance

@: no status effects
A: permanent stasis, dig shafts and tunnels, four strong arms, antennae 3
a: Dig, Shaft Self, Trog's Hand, Brothers in Arms, Renounce Religion, Evoke
Flight


You were on level 6 of the Dungeon.
You worshipped Trog.
Trog was greatly pleased with you.
You were not hungry.

You visited 2 branches of the dungeon, and saw 7 of its levels.
You also visited: Sewer and Ossuary.

You collected 312 gold pieces.

Inventory:

Hand Weapons
 a - a +1 falchion
 r - the +10 short sword "Zaeclulu" (weapon) {flame, SInv}
   (You took it off an orc on level 4 of the Dungeon)

   It has been specially enchanted to burn those struck by it, causing extra
   injury to most foes and up to half again as much damage against particularly
   susceptible opponents.
   It lets you see invisible.
Missiles
 h - 12 atropa-tipped darts (quivered)
 t - 4 curare-tipped darts
Armour
 e - a +0 plate armour (worn)
Jewellery
 l - a ring of poison resistance (right hand)
 o - a ring of flight (left hand)
 v - an amulet of guardian spirit (around neck)
Wands
 g - a wand of paralysis (10)
 s - a wand of flame (14)
 x - a wand of random effects (15)
Scrolls
 b - 3 scrolls of identify
 f - 4 scrolls of teleportation
 i - a scroll of enchant armour {unknown}
 k - a scroll of vulnerability
 p - 2 scrolls of enchant weapon
 q - 2 scrolls of remove curse
 w - a scroll of torment {unknown}
Potions
 d - a potion of resistance
 j - a potion of curing
 m - a potion of flight {unknown}
 n - a potion of cancellation
 u - a potion of magic
 z - a potion of agility {unknown}
 A - a potion of brilliance {unknown}
Comestibles
 c - 9 rations


   Skills:
 + Level 7.1 Fighting
 * Level 8.8 Long Blades
 + Level 6.6 Armour
 + Level 5.5 Dodging


You had 8 spell levels left.
You didn't know any spells.
Your spell library was empty.

Dungeon Overview and Level Annotations

Branches:
Dungeon (7/15)             Temple (1/1) D:4           Sewer (visited)
Ossuary (visited)

Altars:
Ashenzari
Cheibriados
Gozag
Hepliaklqana
Makhleb
Okawaru
Trog
Zin
The Shining One

Shops:
D:6 }:}[%

Annotations:
D:6 Pikel


Innate Abilities, Weirdness & Mutations

You cannot be hasted, slowed, berserked, paralysed or teleported.
You can dig through walls and to a lower floor.
Your four strong arms can wield two-handed weapons with a shield.
You have a pair of large antennae on your head. (SInv)


Message History

You throw an atropa-tipped dart.
The atropa-tipped dart closely misses Pikel.
The atropa-tipped dart closely misses the slave.
Pikel hits you but does no damage.
You are electrocuted!
* * * LOW HITPOINT WARNING * * *
Throwing (i - inventory. (/) - cycle)
h - 14 atropa-tipped darts (quivered)
Press: ? - help, Shift-Dir - straight line, f/p - slave
Aim: a slave (chance to blind on hit: 27%)
You throw an atropa-tipped dart.
The atropa-tipped dart closely misses Pikel.
The atropa-tipped dart hits the slave.
The slave resists.
Pikel closely misses you.
Throwing (i - inventory. (/) - cycle)
h - 13 atropa-tipped darts (quivered)
Press: ? - help, Shift-Dir - straight line, f - Pikel, p - slave
Aim: Pikel, wielding a +2 whip of electrocution and wearing a +0 robe (almost dead, chance to blind on hit: 3%)
You throw an atropa-tipped dart.
The atropa-tipped dart closely misses Pikel.
The atropa-tipped dart closely misses the slave.
Pikel hits you but does no damage.
You are electrocuted!!
You die...

#....................
#.#####._........[...
#.#.......####......#
#.#####.#.# #..#..#. #.#
#.#.####..#..#. #######.###
#.........#..#. #.8..∩..8.#
#.######..#....
#.#####.#.###.######..#....
#.........@Kp....(.....#...
##.####.####...........#...
#.# #.# #...........#.##
#.# #.# #..########.#.# #.#
#.####..########.#.# #.#
#.............(..#.## #.#
######..####......... #.#
#..# #∩#####.## #.# ###..#
#.# #.#


You could see Pikel and a slave.

Vanquished Creatures
  The ghost of Fingolfin the Fighter, a novice FoNe (D:5)
  The ghost of theanonym the Cleaver, a novice HOMo of Beogh (D:6)
  A sky beast (D:6)
  A slave (D:6)
  An ice beast (D:5)
  3 phantoms
  A centaur (D:6)
  2 ogres
  3 bullfrogs
  3 water moccasin zombies (Ossuary)
  A bullfrog zombie (D:4)
  A crimson imp (D:6)
  A jelly (D:6)
  2 hounds (D:6)
  An orc priest (D:5)
  4 orc wizards
  2 iguanas
  2 worker ants
  A big kobold zombie (Ossuary)
  2 hound skeletons (D:6)
  2 mummies (Ossuary)
  4 gnolls (D:5)
  A howler monkey skeleton (D:5)
  5 adders
  A shadow imp (D:5)
  12 oozes
  2 adder skeletons (D:5)
  5 adder zombies
  A worm (D:6)
  2 dart slugs
  9 leopard geckos
  11 orcs
  7 ball pythons (Sewer)
  5 bats (D:1)
  17 giant cockroaches
  2 gnoll zombies (Ossuary)
  A goblin (D:2)
  2 hobgoblins
  3 jackals (D:2)
  2 quokkas (D:6)
  10 frilled lizards
  8 hobgoblin zombies (Ossuary)
  6 kobolds
  4 kobold zombies (Ossuary)
  An orc zombie (Ossuary)
  19 rats
176 creatures vanquished.

Notes
Turn   | Place    | Note
-------+----------+-------------------------------------------
     0 | D:1      | Lanoc the Formicid Berserker began the quest for the Orb.
     0 | D:1      | Reached XP level 1. HP: 18/18 MP: 1/1
    28 | D:1      | Found a shattered altar of Ashenzari.
    42 | D:1      | Reached XP level 2. HP: 19/24 MP: 2/2
   111 | D:1      | Reached XP level 3. HP: 23/29 MP: 3/3
   182 | D:1      | Reached ** piety under Trog
   450 | D:2      | You fall into a shaft and drop 2 floors!
   450 | D:4      | Found a sand-covered staircase.
   453 | D:4      | Noticed an ogre
   457 | Ossuary  | Entered an ossuary
   509 | Ossuary  | Reached skill level 4 in Long Blades
   509 | Ossuary  | Reached XP level 4. HP: 24/37 MP: 4/4
   630 | Ossuary  | Reached XP level 5. HP: 42/42 MP: 5/5
   878 | Ossuary  | Reached XP level 6. HP: 16/48 MP: 6/6
  1178 | D:4      | Killed an ogre
  1178 | D:4      | Reached *** piety under Trog
  1178 | D:4      | Reached skill level 5 in Long Blades
  1434 | D:4      | Found an iron altar of Okawaru.
  1485 | D:4      | Reached XP level 7. HP: 33/55 MP: 7/7
  1601 | D:4      | Found a glowing silver altar of Zin.
  1739 | D:4      | Identified the +10 short sword "Zaeclulu" {flame, SInv}
  2247 | D:4      | Found a staircase to the Ecumenical Temple.
  2251 | Temple   | Entered the Ecumenical Temple
  2275 | D:5      | Entered Level 5 of the Dungeon
  2301 | D:5      | Reached skill level 5 in Fighting
  2336 | D:5      | Reached skill level 6 in Long Blades
  2340 | D:5      | Reached XP level 8. HP: 52/62 MP: 8/8
  2473 | D:5      | Found an opulent altar of Gozag.
  2508 | D:5      | Found a runed translucent door.
  2516 | D:5      | Noticed Fingolfin's ghost (novice FoNe)
  2587 | D:5      | Received a gift from Trog
  2636 | D:5      | Found a hazy altar of Hepliaklqana.
  2674 | D:5      | Reached skill level 5 in Armour
  2740 | D:5      | Got an ichor-stained trident
  2741 | D:5      | Identified the +6 trident "Ybecucw" {drain, *Noise +Blink
                  | MR++} (You found it on level 5 of the Dungeon)
  2801 | D:5      | Found a glowing golden altar of the Shining One.
  3261 | D:5      | Killed Fingolfin's ghost
  3261 | D:5      | Reached skill level 7 in Long Blades
  3261 | D:5      | Reached XP level 9. HP: 64/69 MP: 9/9
  3445 | D:6      | Found a glowing drain.
  3462 | D:6      | Reached **** piety under Trog
  3464 | Sewer    | Entered a sewer
  3630 | Sewer    | Reached skill level 8 in Long Blades
  3673 | Sewer    | Reached skill level 5 in Dodging
  3754 | D:6      | Found a runed translucent gate.
  3754 | D:6      | Found a runed translucent gate.
  3755 | D:6      | Found a runed translucent gate.
  3760 | D:6      | Noticed theanonym's ghost (novice HOMo)
  3794 | D:6      | Killed theanonym's ghost
  4160 | D:6      | Found a snail-covered altar of Cheibriados.
  4202 | D:6      | Found Resiang's Gadget Shoppe.
  4378 | D:6      | Found Maixteg's Antique Armour Boutique.
  4388 | D:6      | Found Icher's Gadget Shoppe.
  4410 | D:6      | Found Ecvent's Book Shop.
  4510 | D:6      | Found Boppif's Food Shoppe.
  4547 | D:7      | Noticed Pikel
  4687 | D:6      | Slain by Pikel

Levels and vault maps discovered:
D:1:      erik_arrival_orb_chamber, layout_loops_ring, evilmike_ruin_ashenzari
D:2:      layout_basic, vehumet_crystals, first_ration
D:4:      layout_cave_pools, okawaru_trees_1, nicolae_overflow_crystal_walls,
          temple_statues, enter_ossuary_1, minmay_circle_x
D:5:      layout_loops_corners, lemuel_crystal_altar,
          nicolae_tso_carved_into_rock, ebering_ghost_sewer_d,
          nicolae_gozag_cash_rules_everything_around_me
D:6:      layout_basic, cheibriados_altar_1, ebering_ghost_rock_garden,
          cheibrodos_sewer_entry_drain, serial_shops, shop, kennysheep_mini,
          shop, shop_statue, nicolae_shop_stone, chequers_serial_rivers_room_a
D:7:      old_forge, layout_loops_ring, serial_glass, glass_columns_a,
          glass_columns_a, glass_columns_b, glass_columns_a, glass_columns_c,
          glass_columns_a, glass_columns_b, glass_columns_c, glass_columns_a,
          glass_columns_b, glass_columns_b, glass_columns_a, glass_columns_a,
          glass_columns_a, uniq_pikel, uniq_prince_ribbit1
Temple:   hc_temple_tempest_star

Skill      XL: |  1  2  3  4  5  6  7  8  9 |
---------------+----------------------------+-----
Dodging        | 2 3 4 5 |  5.5
Long Blades    | 4 5 6 7 8 |  8.8
Armour         | 3 4 5 6 |  6.6
Fighting       | 4 5 6 7 |  7.1

Action                   |  1- 3 |  4- 6 |  7- 9 || total
-------------------------+-------+-------+-------++-------
Melee: Falchion          |   121 |   158 |    52 ||   331
       Short sword       |       |       |   317 ||   317
Throw: Dart              |       |       |     5 ||     5
 Abil: Dig               |       |       |     2 ||     2
  Use: Potion            |       |     1 |     5 ||     6
       Scroll            |       |       |     8 ||     8
 Stab: Invisible         |       |       |     2 ||     2
  Eat: Chunk             |       |     2 |     8 ||    10
       Ration            |       |       |     1 ||     1
Armor: Animal skin       |    11 |       |       ||    11
       Plate armour      |    62 |   129 |   149 ||   340
       Skin              |       |       |    10 ||    10
Dodge: Dodged            |    72 |    67 |   142 ||   281
       Rpst.: Falchion   |    26 |    31 |     7 ||    64
